 Dungeon Crawl Stone Soup version 0.28.0 (webtiles) character file.

Game seed: 12194394168872060041

19 Woods the Ruffian (level 2, -2/25 HPs)
             Began as a Naga Transmuter on Feb 18, 2022.
             Frozen to death by an endoplasm (5 damage)
             ... on level 2 of the Dungeon.
             The game lasted 00:01:29 (886 turns).

Woods the Ruffian (Naga Transmuter)                  Turns: 886, Time: 00:01:29

Health: -2/25      AC:  1    Str: 12    XL:     2   Next: 75%
Magic:  5/5        EV:  9    Int: 13    God:
Gold:   57         SH:  0    Dex: 11    Spells: 2/5 levels left

rFire   . . .      SeeInvis +     - Unarmed
rCold   . . .      Faith    .   (no shield)
rNeg    . . .      Spirit   .   a - +0 robe
rPois   +          Reflect  .   (helmet currently unavailable)
rElec   .          Harm     .   (no cloak)
rCorr   .          Rampage  .   (no gloves)
Will    .....                   (no barding)
Stlth   +.........              (no amulet)
HPRegen 0.08/turn               (no ring)
MPRegen 0.09/turn               (no ring)

@: appendages (expiring), very slow
A: horns 2, AC +0, large, see invisible, deformed body, poison resistance,
slowness 2, spit poison 1, naga tail 1
a: Spit Poison, End Transformation


You were on level 2 of the Dungeon.
You had temporarily grown beastly horns.
You visited 1 branch of the dungeon, and saw 2 of its levels.

You collected 57 gold pieces.

Inventory:

Armour
 a - a +0 robe (worn)
Jewellery
 d - a +4 ring of protection
Scrolls
 b - a scroll of identify {unknown}
Potions
 c - a potion of curing {unknown}


   Skills:
 + Level 1.0 Fighting
 - Level 1.5 Dodging
 + Level 3.9 Unarmed Combat
 - Level 2.0 Spellcasting
 - Level 2.0 Transmutations


You had 2 spell levels left.
You knew the following spells:

 Your Spells              Type           Power      Damage    Failure   Level
a - Beastly Appendage     Tmut           12%        N/A       11%         1
b - Wereblood             Tmut           6%         N/A       17%         2

Your spell library contained the following spells:

 Spells                   Type           Power      Damage    Failure   Level
 Spider Form              Tmut/Pois      3%         N/A       45%         3
 Ice Form                 Ice/Tmut       3%         N/A       86%         4


Dungeon Overview and Level Annotations

Branches:
Dungeon (1/15)

Altars:


Innate Abilities, Weirdness & Mutations

You have temporarily grown beastly horns.
Your serpentine skin is tough. (AC +0)
You have supernaturally acute eyesight. (SInv)
Armour fits poorly on your strangely shaped body.
Your system is resistant to poisons. (rPois)
You cover ground very slowly.
You can spit poison.
You have a snake-like lower body.


Message History

You hit the hobgoblin.
You kill the hobgoblin!
The kobold closely misses you.
An endoplasm comes into view.
You barely miss the kobold.
The endoplasm quivers.
The bat barely misses you. The bat closely misses you. x2
The kobold barely misses you.
You hit the kobold. Your punch misses the kobold.
The kobold is severely wounded.
Your transformation is almost over.
The bat hits you.
You hit the kobold but do no damage. Your headbutt misses the kobold.
The kobold is severely wounded.
The bat hits you but does no damage. The kobold closely misses you.
You completely miss the kobold. Your headbutt misses the kobold.
The kobold is severely wounded.
The kobold hits you with a +0 whip. The bat barely misses you.
Aiming: Spit Poison (2% risk of failure)
Press: ? - help, Shift-Dir - straight line, f - bat
Aim: a bat (41% to hit)
The splash of poison hits the bat.
The bat is poisoned.
You kill the bat!
The kobold hits you with a +0 whip.
You closely miss the kobold.
The kobold is severely wounded.
The kobold hits you with a +0 whip.
* * * LOW HITPOINT WARNING * * *
You closely miss the kobold. Your punch misses the kobold.
The kobold is severely wounded.
The kobold hits you with a +0 whip.
* * * LOW HITPOINT WARNING * * *
You hit the kobold.
You kill the kobold!
Found a stone staircase leading down.
You have got your breath back.
You see here a bat corpse.
The endoplasm freezes you.
You are frozen.
You die...

........ ......#
##.....# #......
.. #....###....
#....)......
##.#.###...
#####..#J###...
#......@.(.....#
#..............#
#.?.............
#...............
#............#>.
#####..#.#......
...#.####.# ....
.. ..


You could see an endoplasm.

Vanquished Creatures
  An endoplasm (D:1)
  A giant cockroach (D:1)
  2 goblins (D:1)
  4 hobgoblins
  2 ball pythons (D:1)
  3 bats
  2 frilled lizards (D:1)
  3 kobolds
  A rat (D:1)
19 creatures vanquished.

Notes
Turn   | Place    | Note
-------+----------+-------------------------------------------
     0 | D:1      | Woods the Naga Transmuter began the quest for the Orb.
     0 | D:1      | Reached XP level 1. HP: 18/18 MP: 3/3
   395 | D:1      | Found a faded altar of an unknown god.
   407 | D:1      | Reached XP level 2. HP: 25/25 MP: 3/5
   811 | D:1      | Learned a level 2 spell: Wereblood
   870 | D:1      | You fall into a shaft and drop 1 floor!
   886 | D:2      | Frozen to death by an endoplasm

Illustrated notes

Levels and vault maps discovered:
D:1:      giann_wishing_wells, layout_loops_corners,
          dreamdust_ecumenical_altar_statues, serial_bayou_crossing
D:2:      layout_basic, uniq_terence, uniq_natasha

Action                   || total
-------------------------++-------
Melee: Unarmed           ||    29
       Headbutt          ||     1
 Cast: Beastly Appendage ||    10
 Abil: Spit Poison       ||    15
Armor: Robe              ||     6
Dodge: Dodged            ||    20
